 Dungeon Crawl Stone Soup version 0.26-a0-597-gb535b0901c (webtiles) character file.

Game seed: 17089051827537119214

158 Ge0ff the Poker (level 5, -3/45 HPs)
             Began as a Draconian Abyssal Knight on Aug 26, 2020.
             Was a Believer of Lugonu.
             Slain by an orc warrior
             ... wielding a +0 long sword of electrocution
              (13 damage)
             ... on level 2 of the Dungeon.
             The game lasted 00:04:06 (3529 turns).

Ge0ff the Poker (Draconian Abyssal Knight)          Turns: 3529, Time: 00:04:06

Health: -3/45      AC:  7    Str: 14    XL:     5   Next: 16%
Magic:  6/6        EV: 12    Int: 13    God:    Lugonu [**....]
Gold:   137        SH:  0    Dex: 11    Spells: 4/4 levels left

rFire    . . .     SeeInvis .   b - +4 quarterstaff (chaos)
rCold    . . .     Faith    .   (shield currently unavailable)
rNeg     . . .     Spirit   .   (armour unavailable)
rPois    .         Reflect  .   (helmet restricted)
rElec    .         Harm     .   (no cloak)
rCorr    .                      (no gloves)
MR       .....                  h - +1 pair of boots
Stlth    +.........             (no amulet)
HPRegen  0.15/turn              (no ring)
MPRegen  0.10/turn              (no ring)

@: no status effects
A: unfitting armour, cold-blooded, AC +5
a: Depart the Abyss, Bend Space, Renounce Religion


You were on level 2 of the Dungeon.
You worshipped Lugonu.
Lugonu was pleased with you.
You visited 1 branch of the dungeon, and saw 2 of its levels.
You visited the Abyss 1 time.

You collected 137 gold pieces.

Inventory:

Hand Weapons
 a - a +1 spear
 b - a +4 quarterstaff of chaos (weapon)
 y - a +2 dagger of draining
Missiles
 d - 37 stones (quivered)
 g - a throwing net {=f}
 l - 3 boomerangs
Armour
 h - a +1 pair of boots (worn)
 n - a +0 cloak
Wands
 x - a wand of random effects (20)
Scrolls
 c - a scroll of remove curse {unknown}
 i - a scroll of identify
 k - a scroll of blinking {unknown}
Potions
 m - a potion of stabbing
 q - a potion of curing


   Skills:
 - Level 3.2 Fighting
 + Level 5.4 Polearms
 - Level 2.1 Dodging
 - Level 2.0 Invocations


You had 4 spell levels left.
You didn't know any spells.
Your spell library was empty.

Dungeon Overview and Level Annotations

Branches:
Dungeon (2/15)

Altars:
Trog


Innate Abilities, Weirdness & Mutations

Your plain brown scales are hard. (AC +5)
You cannot fit into any form of body armour.
You are cold-blooded and may be slowed by cold attacks.


Message History

The orc warrior is lightly wounded.
The orc wizard hits you but does no damage.
The orc wizard mumbles some strange words.
The orc wizard blinks!
The orc wizard gestures wildly while chanting.
The orc wizard blinks!
Evoke which item? (* to show all) (? for menu, Esc to quit)
Aiming: Random Effects
Press: ? - help, Shift-Dir - straight line, f/p - orc wizard
Aim: an orc wizard, wielding a +0 dagger and wearing a +0 robe (lightly wounded, fast)
The orc wizard resists with significant effort.
The orc wizard hits you but does no damage.
Evoke which item? (* to show all) (? for menu, Esc to quit)
Press: ? - help, Shift-Dir - straight line, p - orc wizard The bolt of poison hits the orc warrior.
The orc warrior is poisoned.
The orc warrior is moderately wounded.
The orc wizard barely misses you.
The orc warrior hits you with a +0 long sword of electrocution!
You die...

#.# #......############.#
#.####...##.# #.#
#.........#.############.#
#####.................##.#
####...###.#########.##.###
#>.........................
#.##.#.#.#.#..........#.###
#....#.#.#o#o...........#..
#.#..#.#.#@#.########.###..
#######.#..#.#.#o#.#....<#.......
...........#.#.#.#.#.###....#####
#######.#.##.#.#.#.#.....#.######
...........#.#.#.#.#######.# #...
#######.####.#.#.#.........###.(.
.............................)(..
##############.#.#############...
# #....#.#.#.....# ####


You could see an orc warrior (poisoned) and an orc wizard (fast).

Vanquished Creatures
  Crazy Yiuf (D:2)
  Robin (D:2)
  3 adders (D:2)
  An ooze (D:2)
  2 dart slugs
  2 leopard geckos
  4 orcs (D:2)
  A ball python (D:2)
  8 bats
  6 giant cockroaches
  13 goblins
  8 hobgoblins
  3 jackals (D:2)
  A quokka (D:2)
  3 frilled lizards
  9 kobolds
  5 rats
71 creatures vanquished.

Vanquished Creatures (others)
  2 fungi (D:2)
2 creatures vanquished.

Grand Total: 73 creatures vanquished

Notes
Turn   | Place    | Note
-------+----------+-------------------------------------------
     0 | Abyss:1  | Ge0ff the Draconian Abyssal Knight began the quest for the
                  | Orb.
     0 | Abyss:1  | Reached XP level 1. HP: 19/19 MP: 2/2
    17 | Abyss:1  | Found a corrupted altar of Lugonu.
    52 | Abyss:1  | Noticed a raiju
    56 | D:1      | Escaped the Abyss
   226 | D:1      | Reached XP level 2. HP: 19/26 MP: 3/3
   546 | D:1      | Reached skill level 3 in Polearms
   630 | D:1      | Reached * piety under Lugonu
  1007 | D:1      | Reached XP level 3. HP: 26/31 MP: 4/4
  1695 | D:2      | Reached skill level 4 in Polearms
  1802 | D:2      | Reached XP level 4. HP: 37/38 MP: 5/5
  1939 | D:2      | Noticed Robin
  1961 | D:2      | Killed Robin
  1961 | D:2      | Reached ** piety under Lugonu
  2183 | D:2      | Found a bloodstained altar of Trog.
  2436 | D:2      | Reached skill level 5 in Polearms
  2639 | D:2      | Noticed an orc warrior
  2774 | D:2      | Found a runed translucent door.
  2775 | D:2      | Noticed Crazy Yiuf
  2788 | D:2      | Killed Crazy Yiuf
  2788 | D:2      | Reached XP level 5. HP: 8/45 MP: 2/6
  2796 | D:2      | HP: 2/45 [poisoned by Crazy Yiuf]
  3529 | D:2      | Slain by an orc warrior

Illustrated notes

Levels and vault maps discovered:
D:1:      psy_arrival_statuary, layout_basic
D:2:      layout_basic, lemuel_round_altar, trog_book, uniq_crazy_yiuf_cottage,
          uniq_robin

Skill      XL: |  1  2  3  4 |
---------------+-------------+-----
Polearms       | 3 4 5 |  5.4
Fighting       | |  3.2
Dodging        | |  2.1
Invocations    | |  2.0

Action                   |  1- 3 |  4- 6 || total
-------------------------+-------+-------++-------
Melee: Dagger            |   114 |    84 ||   198
       Tailslap          |     7 |    17 ||    24
       Quarterstaff      |       |    13 ||    13
Throw: Stone             |    26 |    14 ||    40
Invok: Depart the Abyss  |     1 |       ||     1
Evoke: Wand              |       |     3 ||     3
  Use: Scroll            |       |     2 ||     2
       Potion            |       |     2 ||     2
Armor: Skin              |    55 |    26 ||    81
Dodge: Dodged            |    89 |    50 ||   139

Table legend: (Time is in decaauts)
 A = Elapsed time spent in this place.
 B = Non-inter-level travel time spent in this place.
 C = Inter-level travel time spent in this place.
 D = Time resting spent in this place.
 E = Time spent auto-exploring this place.
 F = Levels seen in this place.
 G = Mean time per level.
                   A        B        C        D        E       F      G
               +--------+--------+--------+--------+--------+-----+--------+
         Total |   3539 |   3475 |     64 |      0 |   2663 |   3 | 1179.7 |
       Dungeon |   3483 |   3419 |     64 |      0 |   2663 |   2 | 1741.5 |
         Abyss |     56 |     56 |      0 |      0 |      0 |   1 |   56.0 |
               +--------+--------+--------+--------+--------+-----+--------+

Top non-repeatable levels by time:
     D:1: 1865 daAuts
     D:2: 1618 daAuts
 Abyss:1: 56 daAuts
